 Dungeon Crawl Stone Soup version 0.28-a0-529-g3bad584f25 (webtiles) character file.

Game seed: 1509584634660418426

25 peenler the Skirmisher (level 3, 0/31 HPs)
             Began as a Djinni Abyssal Knight on Sept 24, 2021.
             Was a Follower of Lugonu.
             Slain by Sigmund (12 damage)
             ... on level 2 of the Dungeon.
             The game lasted 00:03:03 (1585 turns).

peenler the Skirmisher (Djinni Abyssal Knight)      Turns: 1585, Time: 00:03:04

Health: 0/31       AC:  3    Str: 13    XL:     3   Next: 20%
Gold:   69         EV: 12    Int: 11    God:    Lugonu [*.....] SH:  0 Dex: 13

rFire   + + .      SeeInvis .   g - +0 rapier
rCold   x . .      Faith    .   (no shield)
rNeg    . . .      Spirit   .   b - +0 leather armour
rPois   ∞          Reflect  .   (no helmet)
rElec   .          Harm     .   (no cloak)
rCorr   .          Rampage  .   (no gloves)
Will    .....                   (boots unavailable)
Stlth   +.........              (no amulet)
HPRegen 0.10/turn               (no ring)
MPRegen 0.00/turn               (no ring)

@: flying
A: sickness immunity, fire resistance 2, cold vulnerability 1, float, innate
caster, hp casting, extra vitality 1
a: Renounce Religion, Depart the Abyss


You were on level 2 of the Dungeon.
You worshipped Lugonu.
Lugonu was aware of your devotion.
You visited 1 branch of the dungeon, and saw 2 of its levels.
You visited the Abyss 1 time.

You collected 69 gold pieces.

Inventory:

Hand Weapons
 a - a +1 falchion
 g - a +0 rapier (weapon)
Armour
 b - a +0 leather armour (worn)
Scrolls
 c - a scroll of teleportation {unknown}
 e - a scroll of fog {unknown}
 f - a scroll of identify {unknown}
Potions
 d - a potion of invisibility {unknown}


   Skills:
 + Level 3.6 Fighting
 + Level 1.9 Long Blades
 + Level 1.5 Armour
 + Level 2.4 Dodging
 + Level 1.8 Invocations


You had one spell level left.
You knew the following spells:

 Your Spells              Type           Power      Damage    Failure   Level
a - Shock                 Conj/Air       0%         1d3       41%         1
Your spell library was empty.

Dungeon Overview and Level Annotations

Branches:
Dungeon (2/15)

Altars:

Shops:
D:1 [

Annotations:
D:2 Sigmund


Innate Abilities, Weirdness & Mutations

You are immune to sickness and miasma.
You are immune to poison.
Your flesh is very heat resistant. (rF++)
You are vulnerable to cold. (rC-)
You float through the air rather than walking.
You learn spells naturally, not from books.
Your magical power is your life essence.
You have superior vitality. (+4 HP)


Message History

The goblin hits you with a +0 dagger.
You hit the goblin.
You kill the goblin!
Lugonu accepts your kill.
Sigmund the Dreaded comes into view.
He is wielding a +0 scythe.
Found three human skeletons and 2 inky potions.
Sigmund shouts!
You see here a +0 dagger.
Sigmund gestures at you while chanting. You resist with some effort.
Casting: Shock (safe; 41% risk of failure)
Confirm with . or Enter, or press ? or * to list all spells.
Aiming: Shock (safe; 41% risk of failure)
Press: ? - help, Shift-Dir - straight line The zap misses Sigmund. x2
Sigmund says, "Now you see me, now you don't..."
Your magical contamination has completely faded away.
Sigmund barely misses you.
You see here a +0 dagger.
You hit Sigmund.
Sigmund is lightly wounded.
Sigmund says, "Look into my eyes."
Sigmund gestures at you while chanting.
You are confused.
Sigmund hits you with a +0 scythe!
Found a stone staircase leading up.
You bump into the rock wall.
Sigmund completely misses you.
Sigmund points at you and mumbles some strange words.
You resist with some effort. Sigmund hits you with a +0 scythe!
You see here a +0 dagger.
You bump into the rock wall.
You feel less confused.
You hit Sigmund.
Sigmund is moderately wounded.
Sigmund barely misses you.
You closely miss Sigmund.
Sigmund is moderately wounded.
Sigmund hits you with a +0 scythe!
You die...

<.. ... #.. .. ##.#
#..# #.######..#
#.=......###?#...
####...@@..8.8.8
####..##.....÷.
#.##....## #..÷÷!. .
#.#..##.####8...÷. ..
##.#.#.............
##.#........####8...÷.
.##. ...####.## ####
.....#.####.#
..##..#...#..#


You could see Sigmund.

Vanquished Creatures
  A worm (D:2)
  2 dart slugs (D:1)
  A ball python (D:1)
  A bat (D:1)
  2 giant cockroaches
  A hobgoblin (D:1)
  5 kobolds (D:1)
  A quokka (D:1)
  4 goblins
  A rat (D:1)
19 creatures vanquished.

Notes
Turn   | Place    | Note
-------+----------+-------------------------------------------
     0 | Abyss:1  | peenler the Djinni Abyssal Knight began the quest for the
                  | Orb.
     0 | Abyss:1  | Reached XP level 1. HP: 20/20 MP: 0/0
    11 | Abyss:1  | Found a corrupted altar of Lugonu.
    32 | Abyss:1  | Noticed a small abomination
    35 | D:1      | Escaped the Abyss
   185 | D:1      | Found Fesomn's Armour Boutique.
   280 | D:1      | Reached XP level 2. HP: 19/25 MP: 0/0
   480 | D:1      | Reached * piety under Lugonu
  1248 | D:1      | Reached XP level 3. HP: 30/30 MP: 0/0
  1248 | D:1      | Learned a level 1 spell: Shock
  1571 | D:2      | Noticed Sigmund
  1585 | D:2      | Slain by Sigmund

Illustrated notes

Levels and vault maps discovered:
D:1:      saegor_arrival_under_anarchy, layout_loops_corners, serial_shops,
          shop, minmay_misc_feat_x
D:2:      layout_rooms, shapermc_ecumenical_altar_pompeii, uniq_terence,
          uniq_crazy_yiuf_cottage, uniq_sigmund, uniq_jessica

Action                   || total
-------------------------++-------
Melee: Falchion          ||    70
       Rapier            ||     5
 Cast: Shock             ||     4
Invok: Depart the Abyss  ||     1
Armor: Leather armour    ||    19
Dodge: Dodged            ||    55

Table legend: (Time is in decaauts)
 A = Elapsed time spent in this place.
 B = Non-inter-level travel time spent in this place.
 C = Inter-level travel time spent in this place.
 D = Time resting spent in this place.
 E = Time spent auto-exploring this place.
 F = Levels seen in this place.
 G = Mean time per level.
                   A        B        C        D        E       F      G
               +--------+--------+--------+--------+--------+-----+--------+
         Total |   1598 |   1598 |      0 |    486 |    769 |   3 |  532.7 |
       Dungeon |   1563 |   1563 |      0 |    486 |    769 |   2 |  781.5 |
         Abyss |     35 |     35 |      0 |      0 |      0 |   1 |   35.0 |
               +--------+--------+--------+--------+--------+-----+--------+

Top non-repeatable levels by time:
     D:1: 1312 daAuts
     D:2: 250 daAuts
 Abyss:1: 35 daAuts
